 Dungeon Crawl Stone Soup version 0.23.2-30-g0e89c35649 (webtiles) character file.

Game seed: 18304293940631583252

9538 Kairos the Cleaver (level 11, -1/87 HPs)
             Began as a Deep Dwarf Fighter on June 10, 2019.
             Was an Elder of Hepliaklqana.
             Slain by Snorg (6 damage)
             ... on level 11 of the Dungeon.
             The game lasted 00:17:12 (7959 turns).

Kairos the Cleaver (Deep Dwarf Fighter)             Turns: 7959, Time: 00:17:13

Health: -1/87      AC: 13    Str: 24    XL:     11   Next: 24%
Magic:  9/9        EV: 10    Int:  8    God:    Hepliaklqana [****..]
Gold:   507        SH: 16    Dex: 16    Spells: 10/10 levels left

rFire    . . .     SeeInvis .   G - +4 hand axe (vamp)
rCold    . . .     Gourm    .   c - +0 shield
rNeg     . . .     Faith    .   l - +1 chain mail
rPois    .         Spirit   .   w - +0 helmet
rElec    .         Reflect  +   (no cloak)
rCorr    .         Harm     .   (no gloves)
MR       +....                  (no boots)
Stlth    ..........             z - +3 amulet of reflection
HPRegen  0.00/turn              k - +1 ring of evasion
MPRegen  0.11/turn              y - +4 ring of dexterity

@: non-regenerating, lightly drained
A: damage resistance, heal wounds, reduced essence, sense surroundings 2, no
regeneration
a: Heal Wounds, Recall Ancestor, Ancestor Identity, Transference, Idealise,
Renounce Religion


You were on level 11 of the Dungeon.
You worshipped Hepliaklqana.
Hepliaklqana was greatly pleased with you.
You were not hungry.

You visited 1 branch of the dungeon, and saw 11 of its levels.

You collected 507 gold pieces.

Inventory:

Hand Weapons
 a - a +0 war axe
 j - a +2 hand axe of venom
 G - a +4 vampiric hand axe (weapon)
Armour
 b - a +0 scale mail
 c - a +0 shield (worn)
 l - a +1 chain mail (worn)
 w - a +0 helmet (worn)
Jewellery
 g - an uncursed amulet of magic regeneration
 k - a +1 ring of evasion (left hand)
 t - a +5 ring of intelligence
 y - a +4 ring of dexterity (right hand)
 z - a +3 amulet of reflection (around neck)
Wands
 e - a wand of random effects (35)
 p - a wand of iceblast (5)
 v - a wand of acid (11)
 D - a wand of flame (36)
 H - a wand of digging (8)
Scrolls
 i - a scroll of magic mapping
 m - 9 scrolls of teleportation
 o - 3 scrolls of fog
 s - a scroll of fear
 C - 6 scrolls of identify
 E - 2 scrolls of remove curse
Potions
 d - 2 potions of might
 h - a potion of magic {unknown}
 n - 2 potions of heal wounds {unknown}
 q - 5 potions of degeneration {unknown}
 r - a potion of flight {unknown}
 u - 2 potions of resistance {unknown}
 x - a potion of lignification {unknown}
 A - a potion of brilliance {unknown}
 B - 3 potions of curing {unknown}
 F - 3 potions of ambrosia {unknown}
Comestibles
 f - 18 rations


   Skills:
 + Level 6.0(5.7) Fighting
 + Level 11.6(11.4) Axes
 + Level 8.8(8.5) Armour
 + Level 3.7(3.4) Dodging
 + Level 4.9(4.6) Stealth
 + Level 10.5(10.2) Shields
 + Level 0.5(0.3) Invocations


You had 10 spell levels left.
You didn't know any spells.
Your spell library contained the following spells:

 Spells                   Type           Power        Failure   Level  Hunger
 Beastly Appendage        Tmut           #.....       99%         1    ##.....
 Flame Tongue             Conj/Fire      #....        99%         1    ##.....
 Summon Small Mammal      Summ           #...         99%         1    ##.....
 Call Imp                 Summ           #.......     100%        2    ###....
 Sticks to Snakes         Tmut           #.......     100%        2    ###....
 Throw Flame              Conj/Fire      #.....       100%        2    ###....
 Call Canine Familiar     Summ           #.......     100%        3    ####...
 Conjure Flame            Conj/Fire      #.......     100%        3    ####...
 Inner Flame              Hex/Fire       #.......     100%        3    ####...
 Spider Form              Tmut/Pois      #.........   100%        3    ####...
 Summon Guardian Golem    Hex/Summ       #.......     100%        3    ####...
 Ice Form                 Ice/Tmut       #.......     100%        4    #####..
 Sticky Flame             Conj/Fire      #.......     100%        4    #####..
 Summon Ice Beast         Ice/Summ       #.......     100%        4    #####..
 Summon Lightning Spire   Summ/Air       #.......     100%        4    #####..
 Blade Hands              Tmut           #.........   100%        5    ######.
 Fireball                 Conj/Fire      #.........   100%        5    ######.


Dungeon Overview and Level Annotations

Branches:
Dungeon (11/15)            Temple (0/1) D:7            Lair (0/6) D:11
    Orc: D:9-12

Altars:
Dithmenos
Hepliaklqana
Makhleb
Trog
Vehumet
Beogh

Shops:
D:5 %   D:6 [

Annotations:
D:11 Snorg


Innate Abilities, Weirdness & Mutations

You are resistant to damage.
You can heal yourself by infusing magical energy.
You passively map the area around you.
You do not regenerate.
Your life essence is reduced to manifest your ancestor. (-10% HP)


Message History

You slash the orc warrior!
You feel better.
You closely miss the wyvern.
You block Snorg's attack. x2; Snorg claws you!
Qinisela hits the orc warrior but does no damage.
The wyvern bites you.
You closely miss Snorg.
Snorg is heavily wounded.
You hit the wyvern.
You feel better.
You strike the helpless orc warrior from behind!
You hit the orc warrior.
You feel better. Snorg bites you!
* * * LOW HITPOINT WARNING * * *
Snorg claws you!
* * * LOW HITPOINT WARNING * * *
Snorg claws you!
* * * LOW HITPOINT WARNING * * *
You block the wyvern's attack.
The orc warrior hits Qinisela with a +1 mace of draining!
Qinisela gestures at the orc warrior while chanting.
The orc warrior seems to slow down.
Something barely misses Qinisela.
Snorg bites you but does no damage. Snorg claws you!
You die...

######## #......#* *
#......# * #......# * **
#......# . * *.....#
#...RT.#...., ......#
#...@oo...... * .......
##....l.#..... ,
,,....... #.......# .(..
, .......###....#### ...
, ...>...#....#### *, ..
,* , ...............# #
** ,*###.....####...# ,
* ,##.........##...#
.#..P.....P..#...#######
,, * ,,


You could see the friendly Qinisela the hexer, Snorg (berserk), an orc warrior,
a wyvern and an orc.

Vanquished Creatures
  An ugly thing (D:11)
  Maurice (D:9)
  A troll (D:11)
  A hippogriff (D:11)
  Sigmund (D:5)
  11 yaks
  3 ice beasts
  7 orc warriors
  2 black bears
  10 ogres
  3 sky beasts
  A phantom (D:11)
  4 centaurs (D:11)
  2 crocodiles
  2 big kobolds
  5 bullfrogs
  3 scorpions
  4 wights (D:10)
  A howler monkey (D:10)
  3 crimson imps
  2 quasits
  2 jellies
  5 hounds
  8 orc priests
  8 orc wizards
  3 centaur skeletons
  2 iguanas
  7 worker ants
  2 hound skeletons
  A howler monkey skeleton (D:6)
  A worker ant zombie (D:8)
  4 gnolls (D:2)
  8 adders
  A shadow imp (D:7)
  2 oozes
  An adder skeleton (D:7)
  A worm (D:2)
  A dart slug (D:1)
  4 leopard geckos
  42 orcs
  5 giant cockroaches
  8 hobgoblins
  13 jackals
  A quokka (D:11)
  3 ball pythons
  6 bats
  5 frilled lizards
  11 goblins
  2 jackal zombies
  6 kobolds
  A quokka skeleton (D:5)
  8 rats
240 creatures vanquished.

Vanquished Creatures (collateral kills)
  An ugly thing (D:11)
  A centaur skeleton (D:11)
  A shadow (D:7)
  A water moccasin (D:5)
  An orc warrior (D:7)
  A black bear (D:9)
  2 ogres
  2 centaurs (D:11)
  A crocodile (D:11)
  A scorpion (D:11)
  A bullfrog zombie (D:5)
  A bullfrog skeleton (D:5)
  An orc wizard (D:6)
  A worker ant (D:9)
  2 adders
  An adder skeleton (D:7)
  5 orcs
  A jackal (D:4)
  A kobold (D:3)
  A bat (D:3)
  2 frilled lizards
29 creatures vanquished.

Vanquished Creatures (others)
  4 hexers
4 creatures vanquished.

Grand Total: 273 creatures vanquished

Notes
Turn   | Place    | Note
-------+----------+-------------------------------------------
     0 | D:1      | Kairos the Deep Dwarf Fighter began the quest for the Orb.
     0 | D:1      | Reached XP level 1. HP: 20/20 MP: 1/1
    59 | D:1      | Reached XP level 2. HP: 20/27 MP: 2/2
   615 | D:1      | Reached XP level 3. HP: 22/34 MP: 3/3
   812 | D:2      | Reached skill level 3 in Axes
   958 | D:2      | Found a faded altar of an unknown god.
   971 | D:2      | Reached XP level 4. HP: 18/42 MP: 4/4
  1346 | D:2      | Became a worshipper of Hepliaklqana the Forgotten
  1346 | D:2      | Reached * piety under Hepliaklqana
  1738 | D:3      | Found a bloodstained altar of Trog.
  1755 | D:3      | Reached XP level 5. HP: 27/44 MP: 4/4
  2254 | D:4      | Reached skill level 1 in Dodging
  2256 | D:4      | Reached skill level 4 in Axes
  2261 | D:4      | Reached ** piety under Hepliaklqana
  2269 | D:4      | Remembered your ancestor Qinisela as a hexer
  2331 | D:4      | Reached XP level 6. HP: 22/50 MP: 5/5
  2660 | D:5      | Entered Level 5 of the Dungeon
  2668 | D:5      | Found Tamam's Food Shop.
  2693 | D:5      | Noticed Sigmund
  2701 | D:5      | Killed Sigmund
  2701 | D:5      | Reached skill level 5 in Axes
  2701 | D:5      | Reached skill level 1 in Stealth
  2701 | D:5      | Reached skill level 5 in Shields
  2726 | D:5      | Reached XP level 7. HP: 31/55 MP: 6/6
  2731 | D:5      | Reached skill level 5 in Armour
  2943 | D:5      | Reached skill level 6 in Axes
  2979 | D:5      | Reached XP level 8. HP: 22/64 MP: 7/7
  3487 | D:6      | Reached *** piety under Hepliaklqana
  3641 | D:6      | Found Hoagiara's Antique Armour Shoppe.
  4046 | D:6      | Reached skill level 7 in Axes
  4694 | D:7      | Found a radiant altar of Vehumet.
  4718 | D:7      | Found a burning altar of Makhleb.
  4815 | D:7      | Found a staircase to the Ecumenical Temple.
  4878 | D:7      | Gained mutation: You passively map the area around you.
                  | [Deep Dwarf growth]
  4878 | D:7      | Reached XP level 9. HP: 40/70 MP: 8/8
  4965 | D:7      | Reached skill level 8 in Axes
  5117 | D:7      | HP: 2/71 [orc priest/divine providence (11)]
  5771 | D:8      | Reached skill level 9 in Axes
  6040 | D:9      | Reached **** piety under Hepliaklqana
  6101 | D:9      | Found a shadowy altar of Dithmenos.
  6529 | D:9      | Noticed Maurice
  6536 | D:9      | Reached XP level 10. HP: 37/78 MP: 8/8
  6545 | D:9      | Killed Maurice
  6545 | D:9      | Reached skill level 5 in Fighting
  6821 | D:10     | Entered Level 10 of the Dungeon
  7019 | D:10     | Reached skill level 10 in Axes
  7343 | D:10     | Found a roughly hewn altar of Beogh.
  7401 | D:10     | Reached skill level 11 in Axes
  7411 | D:10     | Reached skill level 10 in Shields
  7793 | D:11     | Reached XP level 11. HP: 87/87 MP: 9/9
  7811 | D:11     | Found a staircase to the Lair.
  7814 | D:11     | Noticed a brown ugly thing
  7814 | D:11     | Noticed a red ugly thing
  7886 | D:11     | Killed a green ugly thing
  7893 | D:11     | Killed a red ugly thing
  7945 | D:11     | Noticed Snorg
  7959 | D:11     | Slain by Snorg

Skill      XL: |  1  2  3  4  5  6  7  8  9 10 11 |
---------------+----------------------------------+-----
Fighting       | 3 4 5 6 |  6.0
Axes           | 3 4 5 6 7 9 11 | 11.6
Shields        | 4 5 6 7 8 10 | 10.5
Armour         | 4 5 6 7 8 |  8.8
Dodging        | 1 2 3 |  3.7
Stealth        | 1 2 4 |  4.9
Invocations    | |  0.5

Action                   |  1- 3 |  4- 6 |  7- 9 | 10-12 || total
-------------------------+-------+-------+-------+-------++-------
Melee: War axe           |    46 |       |       |       ||    46
       Hand axe          |    47 |   181 |   351 |   322 ||   901
Invok: Ancestor Identity |       |     1 |     1 |       ||     2
       Ancestor Life: He |       |     1 |       |       ||     1
       Recall Ancestor   |       |       |     1 |       ||     1
       Transference      |       |       |     1 |       ||     1
 Abil: Heal Wounds       |       |     2 |     7 |     4 ||    13
  Use: Scroll            |       |     2 |    11 |     3 ||    16
 Stab: Distracted        |       |     1 |     1 |     4 ||     6
       Confused          |       |     1 |     3 |     1 ||     5
  Eat: Chunk             |       |     6 |    12 |       ||    18
       Ration            |       |       |       |     3 ||     3
Armor: Scale mail        |    38 |       |       |       ||    38
       Chain mail        |       |   103 |    82 |    58 ||   243
Dodge: Dodged            |    36 |    48 |    66 |    59 ||   209
Block: Shield            |    47 |    86 |   202 |   195 ||   530
       Reflection        |       |       |     2 |     5 ||     7
